 Dungeon Crawl Stone Soup version 0.23.2-1-ga50397a (webtiles) character file.

Game seed: 1887069843673831720

438 shadizar the Skirmisher (level 6, -7/56 HPs)
             Began as a Minotaur Fighter on May 19, 2019.
             Was an Initiate of Okawaru.
             Mangled by Pikel
             ... wielding a +2 whip of electrocution
              (16 damage)
             ... on level 4 of the Dungeon.
             The game lasted 00:04:34 (2691 turns).

shadizar the Skirmisher (Minotaur Fighter)          Turns: 2691, Time: 00:04:34

Health: -7/56      AC:  7    Str: 22    XL:     6   Next: 69%
Magic:  5/5        EV:  9    Int:  5    God:    Okawaru [......]
Gold:   233        SH: 10    Dex: 10    Spells: 5/5 levels left

rFire    . . .     SeeInvis .   a - +0 war axe
rCold    . . .     Gourm    .   c - +0 shield
rNeg     . . .     Faith    .   b - +0 scale mail
rPois    .         Spirit   .   (helmet restricted)
rElec    .         Reflect  .   (no cloak)
rCorr    .         Harm     .   (no gloves)
MR       .....                  (no boots)
Stlth    ..........             (no amulet)
HPRegen  0.18/turn              (no ring)
MPRegen  0.09/turn              (no ring)

@: no status effects
A: retaliatory headbutt, horns 2
a: Renounce Religion


You were on level 4 of the Dungeon.
You worshipped Okawaru.
Okawaru was noncommittal.
You were very hungry.

You visited 1 branch of the dungeon, and saw 4 of its levels.

You collected 233 gold pieces.

Inventory:

Hand Weapons
 a - a +0 war axe (weapon)
Missiles
 r - 2 tomahawks (quivered)
Armour
 b - a +0 scale mail (worn)
 c - a +0 shield (worn)
 v - a +0 cloak
Jewellery
 m - a +3 ring of slaying {unknown}
 s - a cursed ring of attention {unknown}
 w - an uncursed ring of resist corrosion {unknown}
 x - an uncursed amulet of guardian spirit {unknown}
Wands
 j - a wand of random effects (33)
Scrolls
 e - 4 scrolls of remove curse {unknown}
 g - a scroll of amnesia {unknown}
 i - 2 scrolls of magic mapping {unknown}
 k - 2 scrolls of identify {unknown}
 n - 3 scrolls of immolation {unknown}
 p - a scroll of teleportation {unknown}
 t - a scroll of fear {unknown}
Potions
 d - a potion of might
 h - 2 potions of brilliance {unknown}
 l - 2 potions of lignification {unknown}
 o - 4 potions of heal wounds {unknown}
 q - 2 potions of mutation {unknown}
 u - a potion of curing {unknown}
 z - a potion of haste {unknown}
Comestibles
 f - 7 rations


   Skills:
 + Level 5.2 Fighting
 + Level 4.3 Axes
 + Level 5.2 Armour
 + Level 3.1 Dodging
 + Level 5.2 Shields


You had 5 spell levels left.
You didn't know any spells.
Your spell library was empty.

Dungeon Overview and Level Annotations

Branches:
Dungeon (4/15)
 Temple: D:4-7

Altars:
Gozag
Kikubaaqudgha
Makhleb
Okawaru
Qazlal
Uskayaw

Shops:
D:2 *

Annotations:
D:4 Pikel


Innate Abilities, Weirdness & Mutations

You reflexively headbutt those who attack you in melee.
You have a pair of horns on your head.


Message History

Pikel is moderately wounded.
Pikel hits you but does no damage.
You hit Pikel.
Pikel is heavily wounded.
You block Pikel's attack.
You closely miss Pikel. Your headbutt misses Pikel.
Pikel is heavily wounded.
You block Pikel's attack.
Pikel hits you with a +2 whip of electrocution.
You are electrocuted!
You closely miss Pikel.
Pikel is heavily wounded.
Pikel hits you with a +2 whip of electrocution!
You are electrocuted!
* * * LOW HITPOINT WARNING * * *
You are feeling very hungry.
Pikel smiles. "I know this place well.
And it is filled with the corpses of daring fools like you!
Won't you join me?"
There is a stone staircase leading up here.
Pikel hits you but does no damage.
You are electrocuted!
You die...

.## ###...###.....###
..###.......#....##
.......####.....##
##...### #.....#
#..### #..#..#
##....#####..#..##
...#>....#.......####
.....##....#........#
..............p.@...#
............p..K....##
.....).........<.....#
....................##
..................###
..######.######...##
..# #.# ##...# ..#
##.### ##.##.# #
##.#..###.## ##


You could see Pikel and 2 slaves.

Vanquished Creatures
  2 slaves (D:4)
  An ogre (D:4)
  A vampire bat (D:2)
  A hound (D:2)
  Jessica (D:2)
  Natasha (thrice) (D:2)
  8 adders
  3 worms
  A dart slug (D:1)
  2 leopard geckos
  5 orcs (D:3)
  2 bat skeletons (D:2)
  3 bat zombies (D:2)
  6 giant cockroaches
  2 goblins (D:1)
  14 hobgoblins
  12 jackals
  17 kobolds
  2 ball pythons
  7 bats
  4 frilled lizards
  A leopard gecko skeleton (D:4)
  6 rats
104 creatures vanquished.

Notes
Turn   | Place    | Note
-------+----------+-------------------------------------------
     0 | D:1      | shadizar the Minotaur Fighter began the quest for the Orb.
     0 | D:1      | Reached XP level 1. HP: 19/19 MP: 0/0
    58 | D:1      | Reached XP level 2. HP: 25/27 MP: 1/1
   222 | D:1      | Reached skill level 1 in Dodging
   285 | D:1      | Reached XP level 3. HP: 27/33 MP: 2/2
   508 | D:1      | You fall through a shaft!
   547 | D:2      | Found Gozag's Platinum Reserve.
   560 | D:2      | Found an opulent altar of Gozag.
   580 | D:2      | Reached XP level 4. HP: 34/40 MP: 3/3
   618 | D:2      | Found a burning altar of Makhleb.
   730 | D:2      | Noticed Natasha
   735 | D:2      | Killed Natasha
   771 | D:2      | Noticed Natasha
   774 | D:2      | Killed Natasha
   774 | D:2      | Reached XP level 5. HP: 38/47 MP: 4/4
   795 | D:2      | Noticed Jessica
   806 | D:2      | Killed Jessica
  1073 | D:3      | Found an iron altar of Okawaru.
  1207 | D:2      | Found a stormy altar of Qazlal.
  1211 | D:2      | Noticed Natasha
  1216 | D:2      | Killed Natasha
  1337 | D:2      | Found an ancient bone altar of Kikubaaqudgha.
  1407 | D:3      | Became a worshipper of Warmaster Okawaru
  1443 | D:3      | Reached XP level 6. HP: 53/55 MP: 5/5
  1541 | D:3      | Reached skill level 5 in Fighting
  1716 | D:3      | Reached skill level 5 in Shields
  2024 | D:4      | Reached skill level 5 in Armour
  2063 | D:4      | Found a hide-covered altar of Uskayaw.
  2068 | D:4      | Noticed a +0 dagger
  2068 | D:4      | Noticed a +0 hand axe
  2076 | D:4      | Noticed a slave
  2077 | D:4      | Noticed a slave
  2088 | D:4      | Killed a slave
  2093 | D:4      | Killed a slave
  2613 | D:4      | Noticed Pikel
  2613 | D:4      | Noticed a slave
  2614 | D:4      | Noticed a slave
  2654 | D:4      | HP: 2/56 [Pikel/+2 whip of electrocution (15)]
  2691 | D:4      | Mangled by Pikel

Skill      XL: |  1  2  3  4  5  6 |
---------------+-------------------+-----
Dodging        | 1 2 3 |  3.1
Fighting       | 4 5 |  5.2
Shields        | 4 5 |  5.2
Armour         | 4 5 |  5.2
Axes           | 3 4 |  4.3

Action                   |  1- 3 |  4- 6 || total
-------------------------+-------+-------++-------
Melee: War axe           |    81 |   146 ||   227
       Headbutt          |    14 |    30 ||    44
  Eat: Chunk             |       |     5 ||     5
Armor: Scale mail        |    49 |    79 ||   128
Dodge: Dodged            |    19 |    65 ||    84
Block: Shield            |    60 |   102 ||   162
